[Event "Titled Tuesday Blitz February 28 Late 2023"]
[White "Djokic, Mihailo"]
[Black "Sarkar, Justin"]
[WhiteFideId "976440"]
[BlackFideId "2010011"]
[WhiteElo "2294"]
[BlackElo "2189"]
[Result "1-0"]
[Round "06"]
[TimeControl "180+2"]
[Date "2023.02.28"]
[WhiteClock "0:00:28"]
[BlackClock "0:00:01"]

1. e4 c5 2. Nf3 Nc6 3. d3 Nf6 4. Nc3 d5 5. exd5 Nxd5 6. Be2 e5 7. O-O Be7 8. Re1 O-O 9. Bd2 Re8 10. a3 f6 11. h3 Bf8 12. Nxd5 Qxd5 13. Be3 Be6 14. Nd2 Qd7 15. Ne4 b6 16. c3 Rad8 17. Qc2 a5 18. Rad1 h6 19. Bh5 Re7 20. f3 f5 21. Nf2 Qd6 22. g4 Kh8 23. gxf5 Bxf5 24. Ne4 Qe6 25. Bg4 g6 26. Qg2 Rdd7 27. d4 exd4 28. cxd4 cxd4 29. Bf2 h5 30. Nc5 Qf7 31. Bxf5 Rxe1+ 32. Rxe1 Qxf5 33. Nxd7 Qxd7 34. Qxg6 d3 35. Qxh5+ Qh7 36. Qxh7+ Kxh7 37. Rd1 Ne5 38. Bxb6 Nxf3+ 39. Kf2 Ne5 40. Bd4 Bg7 41. Bxe5 Bxe5 42. Rxd3 Bxb2 43. a4 Kg6 44. Rd5 Bc3 45. h4 Kh6 46. Ke2 Bb4 47. h5 1-0


[Site "https://www.chess.com"]

[Event "Titled Tuesday Blitz February 28 Late 2023"]
[White "Zampronha, Wladimir Camilo"]
[Black "Remolar Gallen, Jose"]
[WhiteFideId "2103087"]
[BlackFideId "2215187"]
[WhiteElo "2176"]
[BlackElo "2223"]
[Result "0-1"]
[Round "06"]
[TimeControl "180+2"]
[Date "2023.02.28"]
[WhiteClock "0:01:07"]
[BlackClock "0:01:54"]

1. e4 c5 2. Nf3 g6 3. d4 cxd4 4. Nxd4 Bg7 5. Nc3 Nc6 6. Be3 Nf6 7. Bc4 O-O 8. Bb3 a5 9. O-O a4 10. Nxa4 Nxe4 11. Nb5 d5 12. Nb6 Ra5 13. Nxc8 Rxb5 14. a4 Rxb3 15. cxb3 Qxc8 16. Qxd5 Qf5 17. Rfd1 Bxb2 18. Qxf5 gxf5 19. Rab1 Nc3 20. Rxb2 Nxd1 21. Rd2 Nxe3 22. fxe3 Rd8 0-1


[Site "https://www.chess.com"]

[Event "Titled Tuesday Blitz February 28 Late 2023"]
[White "Lucassen, Mickey"]
[Black "Roberson, Peter T"]
[WhiteFideId "12919110"]
[BlackFideId "412384"]
[WhiteElo "2366"]
[BlackElo "2346"]
[Result "0-1"]
[Round "06"]
[TimeControl "180+2"]
[Date "2023.02.28"]
[WhiteClock "0:01:13"]
[BlackClock "0:02:09"]

1. d4 e6 2. Nf3 b6 3. g3 Bb7 4. Bg2 Nf6 5. O-O Be7 6. c4 O-O 7. Nc3 Ne4 8. Qc2 Nxc3 9. Qxc3 d6 10. Nd2 Bxg2 11. Kxg2 Nd7 12. b3 c5 13. e3 cxd4 14. exd4 Rc8 15. Bb2 d5 16. Qd3 Nf6 17. Rfe1 Qd7 18. Rad1 Rfd8 19. Nf3 dxc4 20. bxc4 Qa4 21. Ne5 Qxa2 22. Bc3 Qa6 23. Ra1 Qb7+ 24. f3 Nd7 25. Nxd7 Rxd7 26. Reb1 Rdc7 27. c5 Qd5 28. cxb6 axb6 29. Be1 Rc2+ 30. Bf2 Bf6 31. Rxb6 Rxf2+ 32. Kxf2 Qxd4+ 33. Ke2 Qxd3+ 34. Kxd3 Bxa1 0-1


[Site "https://www.chess.com"]

[Event "Titled Tuesday Blitz February 28 Late 2023"]
[White "Fajdetic, Hrvoje"]
[Black "Nilsen, Tobias Lang"]
[WhiteFideId "14501945"]
[BlackFideId "1521624"]
[WhiteElo "2185"]
[BlackElo "2195"]
[Result "0-1"]
[Round "06"]
[TimeControl "180+2"]
[Date "2023.02.28"]
[WhiteClock "0:00:01"]
[BlackClock "0:00:03"]

1. d4 d5 2. Bf4 Nf6 3. e3 c5 4. Nc3 cxd4 5. exd4 a6 6. Bd3 Nc6 7. Nce2 Nb4 8. c3 Nxd3+ 9. Qxd3 Bg4 10. Ng3 Qb6 11. h3 Bd7 12. O-O-O e6 13. Nf3 a5 14. Rhe1 Be7 15. Ne5 Bb5 16. Qf3 a4 17. Nh5 O-O 18. Nxg7 Kxg7 19. Qg3+ Kh8 20. Bh6 Nh5 21. Qg4 f6 22. Qxh5 fxe5 23. Bxf8 Rxf8 24. Qxe5+ Bf6 25. Qxe6 Bg5+ 26. Kb1 Qxe6 27. Rxe6 Rxf2 28. Re5 Rxg2 29. Rxd5 Bc6 30. Re5 Bf6 31. Ree1 a3 32. bxa3 Ba4 33. Rc1 Bg5 34. Rg1 Bc2+ 35. Rxc2 Rxg1+ 36. Kb2 Rg3 37. d5 Kg7 38. Kb3 Kf7 39. Re2 Be7 40. Kc4 Rxh3 41. a4 Bf6 42. Rc2 Ke7 43. a5 Kd7 44. a4 Rh4+ 45. Kb5 Bd8 46. c4 Rh1 47. c5 Rb1+ 48. Kc4 Bxa5 49. Rh2 Rb4+ 50. Kd3 Rxa4 51. Rxh7+ Kc8 52. d6 Bd8 0-1


[Site "https://www.chess.com"]

[Event "Titled Tuesday Blitz February 28 Late 2023"]
[White "Aung Thant Zin"]
[Black "Sanchez Alvares, Kelvin Antonio"]
[WhiteFideId "13000063"]
[BlackFideId "3906680"]
[WhiteElo "2278"]
[BlackElo "2217"]
[Result "1-0"]
[Round "06"]
[TimeControl "180+2"]
[Date "2023.02.28"]
[WhiteClock "0:00:14"]
[BlackClock "0:00:39"]

1. e4 e5 2. Nf3 Nc6 3. d4 exd4 4. Nxd4 Qh4 5. Nb5 Bc5 6. Qe2 Nd4 7. Nxd4 Bxd4 8. Be3 Bxe3 9. Qxe3 d6 10. Nc3 Be6 11. O-O-O a6 12. g3 Qe7 13. Bg2 Nf6 14. f4 O-O 15. h3 c6 16. g4 Rae8 17. g5 Nd7 18. Qd4 Nb8 19. Qxd6 Qxd6 20. Rxd6 Re7 21. f5 Bc8 22. Rhd1 Rfe8 23. h4 Nd7 24. f6 gxf6 25. Bh3 Nc5 26. gxf6 Re5 27. Bxc8 Rxc8 28. Rg1+ Kf8 29. Rg7 Rh5 30. Ne2 Nxe4 31. Rd7 Rxh4 32. Rdxf7+ Ke8 33. Re7+ Kf8 34. b3 c5 35. Rxh7 Rxh7 36. Rxh7 Nxf6 37. Rxb7 Rc6 38. Nf4 Ke8 39. Ng6 Kd8 40. Ne5 Re6 41. Nc4 Kc8 42. Rb5 Nd7 43. Ra5 Kb7 44. a3 Re2 45. b4 cxb4 46. axb4 Re4 47. Nd6+ 1-0


[Site "https://www.chess.com"]

[Event "Titled Tuesday Blitz February 28 Late 2023"]
[White "Poliakova, Varvara"]
[Black "Hajiyev, Kanan"]
[WhiteFideId "13518313"]
[BlackFideId "13404148"]
[WhiteElo "2075"]
[BlackElo "2103"]
[Result "1-0"]
[Round "06"]
[TimeControl "180+2"]
[Date "2023.02.28"]
[WhiteClock "0:00:48"]
[BlackClock "0:00:10"]

1. e4 c6 2. d4 d5 3. Nd2 a6 4. c3 h6 5. Ngf3 Bg4 6. h3 Bh5 7. Bd3 e6 8. Qc2 Bg6 9. e5 Bxd3 10. Qxd3 c5 11. a3 Nc6 12. b4 cxd4 13. cxd4 Nge7 14. Nb3 Nf5 15. Bb2 Be7 16. O-O O-O 17. Rac1 Qb6 18. g4 Nh4 19. Nxh4 Bxh4 20. f4 Rac8 21. Kg2 f5 22. Nc5 Rf7 23. Nxe6 Re8 24. gxf5 Ne7 25. Nc7 Ref8 26. f6 gxf6 27. e6 Rg7+ 28. Kh1 f5 29. Qb3 Qd6 30. Qe3 Rc8 31. Qe5 Qxe5 32. dxe5 Rd8 33. Bd4 Nc6 34. Bb6 Rg6 35. Rg1 Kh7 36. e7 Bxe7 37. Rxg6 Kxg6 38. Ne6 Re8 39. Rg1+ Kf7 40. Nc7 Rg8 41. e6+ Kf8 42. Nxd5 Rxg1+ 43. Kxg1 Bd6 44. Kf2 Kg7 45. Ke3 Be7 46. Bd4+ Kf8 47. Bb2 Bd6 48. Bf6 Ke8 49. h4 h5 50. Kd3 a5 51. b5 Na7 52. a4 Nc8 53. Bc3 Ne7 54. Nf6+ Kd8 55. Bxa5+ Kc8 56. Kd4 Bxf4 57. Bb4 Kd8 58. Bxe7+ Kxe7 59. Nd5+ Kxe6 60. Nxf4+ Kf6 61. Nxh5+ Ke6 62. Nf4+ Kf6 63. h5 Kg5 64. Ke5 b6 65. a5 bxa5 66. b6 a4 67. b7 a3 68. b8=Q a2 69. Qg8+ Kh4 70. Qxa2 Kg5 71. Qg2+ Kh4 72. Qh3+ Kg5 73. Qxf5+ Kh4 74. Ng6+ Kg3 75. Qg5+ Kf3 76. h6 Ke2 77. h7 Kd3 78. h8=Q Ke2 79. Qh3 Ke1 80. Qgg2 1-0


[Site "https://www.chess.com"]

[Event "Titled Tuesday Blitz February 28 Late 2023"]
[White "Liu, Eric"]
[Black "Guzman Moneo, Alberto"]
[WhiteFideId "30960240"]
[BlackFideId "2209616"]
[WhiteElo "2094"]
[BlackElo "2157"]
[Result "0-1"]
[Round "06"]
[TimeControl "180+2"]
[Date "2023.02.28"]
[WhiteClock "0:00:05"]
[BlackClock "0:00:18"]

1. Nf3 g6 2. c4 c5 3. b3 Bg7 4. Nc3 d6 5. e3 Nc6 6. Bb2 e6 7. Be2 Nge7 8. O-O O-O 9. d4 cxd4 10. exd4 a6 11. d5 exd5 12. cxd5 Ne5 13. Nd4 Nf5 14. Ne4 Nxd4 15. Bxd4 Bf5 16. Ng3 Bc8 17. f4 Nd7 18. Bxg7 Kxg7 19. Ne4 Nf6 20. Qd4 Bf5 21. Ng3 Re8 22. Nxf5+ gxf5 23. Bd3 Qd7 24. Rf3 Qe7 25. Bxf5 h5 26. Raf1 Kh6 27. Rg3 Rg8 28. Rg5 Rae8 29. h4 Qe3+ 30. Qxe3 Rxe3 31. Rxg8 Nxg8 32. Bc8 Re7 33. Rd1 Nf6 34. Kf2 Kg6 35. Kf3 Rc7 36. Bh3 Rc3+ 37. Ke2 Rc2+ 38. Rd2 Rxd2+ 39. Kxd2 Nxd5 40. g3 Nf6 41. Bc8 Ne4+ 42. Ke3 Nxg3 43. Bxb7 a5 44. a3 Nf5+ 45. Ke4 Nxh4 46. b4 axb4 47. axb4 f5+ 48. Ke3 Kf6 49. b5 Ke7 50. b6 Kd7 51. Bd5 Ng6 52. Be6+ Kc6 53. Bxf5 Ne7 54. Be4+ Kxb6 55. Bf3 h4 56. Ke4 Kc5 57. Bg4 d5+ 58. Kd3 d4 59. f5 Nd5 60. Bf3 Nf6 61. Bg2 Nh5 62. Bf1 Kd5 63. Kd2 Ke5 64. Kd3 Ng3 65. Bh3 Nxf5 66. Bxf5 Kxf5 67. Kxd4 Kf4 68. Kd3 Kf3 69. Kd2 Kf2 70. Kd3 h3 71. Ke4 h2 72. Kf4 h1=Q 0-1


[Site "https://www.chess.com"]

[Event "Titled Tuesday Blitz February 28 Late 2023"]
[White "Bouget, Alexandre"]
[Black "Klose, Eli"]
[WhiteFideId "681318"]
[BlackFideId "16242955"]
[WhiteElo "2177"]
[BlackElo "2580"]
[Result "0-1"]
[Round "06"]
[TimeControl "180+2"]
[Date "2023.02.28"]
[WhiteClock "0:00:02"]
[BlackClock "0:00:07"]

1. d4 Nf6 2. c4 c5 3. d5 b5 4. cxb5 a6 5. Nc3 g6 6. e4 d6 7. Nf3 Bg7 8. b6 O-O 9. Nd2 Nbd7 10. a4 a5 11. Nc4 Nxb6 12. Bg5 Nxc4 13. Bxc4 Ba6 14. Bxa6 Rxa6 15. O-O Rb6 16. Rb1 Ne8 17. Nb5 Nc7 18. Na3 Rxb2 19. Rxb2 Bxb2 20. Nc4 Bc3 21. Qc2 Bb4 22. Bh6 Re8 23. f4 Na8 24. f5 Nb6 25. fxg6 hxg6 26. Qf2 f6 27. Ne3 Bc3 28. Qg3 Kf7 29. h4 Rh8 30. Bf4 Bd4 31. Kh2 Rh5 32. Ng4 Qh8 33. Kh3 g5 34. Bxg5 Rxg5 35. Qb3 Rh5 36. g3 Nd7 37. Qb7 Ne5 38. Nh2 Qg7 39. Qb5 Qg6 40. Re1 Rh8 41. Qxa5 Rg8 0-1


[Site "https://www.chess.com"]

[Event "Titled Tuesday Blitz February 28 Late 2023"]
[White "Figorito, Nick"]
[Black "Di Berardino, Diego Rafael"]
[WhiteFideId "30923689"]
[BlackFideId "2105446"]
[WhiteElo "2376"]
[BlackElo "2432"]
[Result "0-1"]
[Round "06"]
[TimeControl "180+2"]
[Date "2023.02.28"]
[WhiteClock "0:00:22"]
[BlackClock "0:00:12"]

1. Nf3 Nf6 2. g3 g6 3. Bg2 Bg7 4. O-O O-O 5. c4 d6 6. Nc3 c5 7. Rb1 Nc6 8. a3 Bf5 9. d3 Qd7 10. b4 Bh3 11. b5 Nd4 12. Nxd4 cxd4 13. Na2 e5 14. Bg5 Bxg2 15. Kxg2 Ne8 16. Nb4 h6 17. Bd2 Nc7 18. a4 d5 19. c5 e4 20. Bf4 Rfe8 21. Bxc7 Qxc7 22. Rc1 Qe5 23. c6 bxc6 24. Nxc6 Qh5 25. Rc5 exd3 26. exd3 Qf5 27. Qf3 Qxf3+ 28. Kxf3 a6 29. Rxd5 axb5 30. axb5 Ra3 31. Rd1 Rb3 32. Nxd4 Bxd4 33. Rxd4 Rxb5 34. Rd2 h5 35. h4 Kg7 36. Rf4 Rd5 37. d4 Re1 38. Re4 Ra1 39. Kg2 Ra4 40. Kf3 Rd7 41. Ke3 Ra3+ 42. Rd3 Ra1 43. d5 Re1+ 44. Kf3 Ra1 45. d6 Ra6 46. Red4 Kf6 47. Rf4+ Ke6 48. Re4+ Kf6 49. Red4 Kg7 50. Kg2 Kf6 51. Rf3+ Ke5 52. Rdf4 f5 53. Re3+ Kf6 54. Rd3 Raxd6 55. Rfd4 Rxd4 56. Rxd4 Rxd4 57. Kf3 Ra4 58. Kg2 Ra3 59. Kh3 Ke5 60. Kg2 f4 61. Kh3 fxg3 62. fxg3 Kf5 63. Kg2 Kg4 64. Kf2 Rxg3 65. Ke2 Rh3 66. Kd2 Kxh4 67. Kc2 Rg3 68. Kd2 Kg4 69. Ke2 h4 70. Kf2 h3 71. Ke2 h2 72. Kf2 h1=Q 73. Ke2 Qh2+ 74. Kf1 Rg1# 0-1


[Site "https://www.chess.com"]

[Event "Titled Tuesday Blitz February 28 Late 2023"]
[White "Carrasco Miranda, Andres"]
[Black "Rodrigues, Tiago Pereira"]
[WhiteFideId "3405990"]
[BlackFideId "2101203"]
[WhiteElo "2183"]
[BlackElo "2168"]
[Result "1/2-1/2"]
[Round "06"]
[TimeControl "180+2"]
[Date "2023.02.28"]
[WhiteClock "0:00:32"]
[BlackClock "0:01:09"]

1. d4 Nf6 2. c4 g6 3. g3 c6 4. Bg2 d5 5. Qa4 Bd7 6. cxd5 cxd5 7. Qb3 Qb6 8. Nf3 Qxb3 9. axb3 Nc6 10. Nc3 Rc8 11. O-O e6 12. Ne5 Nxd4 13. Rxa7 Bc6 14. Bg5 Be7 15. Nxc6 bxc6 16. e4 h6 17. Be3 Nxb3 18. exd5 Nxd5 19. Nxd5 cxd5 20. Rb7 Nc5 21. Ra7 Nb3 22. Rb7 d4 23. Rxb3 dxe3 24. Rxe3 O-O 25. Rb3 Rb8 26. Rxb8 Rxb8 27. Rb1 Rb3 28. Kf1 Bf6 29. Ke2 Bxb2 30. Kd2 Rb6 31. Kc2 Bd4 32. Rxb6 Bxb6 33. f3 Kf8 34. Kd3 Ke7 35. g4 Bc7 36. h3 Kf6 37. Ke4 Kg5 38. Bf1 Kh4 39. Ke3 Kg3 40. Ke2 Bf4 41. h4 Kxh4 42. Kf2 Kg5 43. Kg2 Kf6 44. Bb5 Ke7 45. Kf2 Kd6 46. Be8 Ke7 47. Bb5 f5 48. Bd3 Kf6 49. Bc4 Bd6 50. Bb3 Ke5 51. Ba2 fxg4 52. fxg4 Kf6 53. Kf3 Bc7 54. Bb1 Kg5 55. Ba2 e5 56. Bb1 h5 57. gxh5 gxh5 58. Kg2 h4 59. Kh1 Kg4 60. Bc2 Kg3 61. Bb1 Bb6 62. Bc2 Be3 63. Bb1 Bf4 64. Bc2 Kh3 65. Bb1 Kg4 66. Bc2 Kf3 67. Bb1 Ke2 68. Bc2 Kd2 69. Bb1 Kc3 70. Bf5 Kd4 71. Bg6 Ke3 72. Bh7 Kf3 73. Bg6 Bg3 74. Bh7 Kg4 75. Bg6 Kf4 76. Bb1 Kg5 77. Bc2 Kg4 78. Bb1 Kf3 79. Bc2 h3 80. Bb1 h2 81. Bc2 Bf4 82. Bb1 Ke3 83. Bc2 Kd2 84. Bh7 Ke3 85. Bg6 Kf3 86. Bh7 Kg4 87. Bb1 Kh4 88. Bc2 Kg3 89. Bb1 Kf2 90. Bc2 Ke2 91. Bb1 Kd2 92. Bh7 Ke3 93. Bg6 Bg3 94. Bh7 Kf4 95. Bb1 Bf2 96. Bc2 Bg1 97. Bb1 Ke3 98. Bh7 Kf3 99. Bg6 Ke2 100. Bh7 Kd2 101. Bg6 Kc3 102. Bh7 Kc4 103. Bg6 Kd5 104. Bh7 Kc5 105. Bg6 Kc6 106. Bh7 Kd7 107. Bg6 Ke7 108. Bh7 Ke6 109. Bg6 Kd5 110. Bh7 Kd6 111. Bg6 Ke6 112. Bh7 Kf6 113. Bb1 Kg5 114. Bc2 Kf4 115. Bb1 Kf3 116. Bc2 e4 117. Bxe4+ Kxe4 118. Kg2 Kd3 119. Kh1 Ke2 120. Kg2 Ke1 121. Kh1 Kf1 1/2-1/2


[Site "https://www.chess.com"]

[Event "Titled Tuesday Blitz February 28 Late 2023"]
[White "Rangel, Daniel"]
[Black "Defend, Balint"]
[WhiteFideId "2124475"]
[BlackFideId "17004853"]
[WhiteElo "2256"]
[BlackElo "2550"]
[Result "0-1"]
[Round "06"]
[TimeControl "180+2"]
[Date "2023.02.28"]
[WhiteClock "0:00:05"]
[BlackClock "0:00:34"]

1. c4 Nf6 2. g3 e6 3. Bg2 d5 4. Nf3 dxc4 5. Qa4+ Nbd7 6. Qxc4 a6 7. O-O b5 8. Qc2 Bb7 9. a4 Bc5 10. d4 Bb6 11. Nbd2 Rc8 12. axb5 axb5 13. Qb3 c6 14. Rd1 Qc7 15. Nf1 O-O 16. Bf4 Qd8 17. Bd6 Re8 18. Ne5 Nd5 19. e4 N5f6 20. Ne3 Ra8 21. Rac1 Qc8 22. Nd3 Bxd4 23. e5 Bxe3 24. fxe3 Nd5 25. e4 N5b6 26. Rf1 Nc4 27. Bh3 Qd8 28. Rf4 Qb6+ 29. Kg2 Ne3+ 30. Kh1 Ra4 31. Nc5 Nxc5 32. Bxc5 Qa5 33. Qxe3 Ra1 34. Rff1 Rxc1 35. Qxc1 Qa4 36. b4 Rd8 37. Qf4 Kh8 38. Bxe6 Qc2 39. Bxf7 Rd2 40. Qf3 Rxh2+ 41. Kg1 Rh3 42. Bb3 Qh2# 0-1


[Site "https://www.chess.com"]

[Event "Titled Tuesday Blitz February 28 Late 2023"]
[White "Gascon Del Nogal, Jose Rafael"]
[Black "Yano, William Jorge Froes"]
[WhiteFideId "3902463"]
[BlackFideId "2112949"]
[WhiteElo "2473"]
[BlackElo "2122"]
[Result "1-0"]
[Round "06"]
[TimeControl "180+2"]
[Date "2023.02.28"]
[WhiteClock "0:00:53"]
[BlackClock "0:01:00"]

1. Nf3 Nf6 2. c4 g6 3. b3 Bg7 4. Bb2 O-O 5. g3 c5 6. Bg2 Nc6 7. O-O d6 8. Nc3 Bg4 9. d3 Qd7 10. Qd2 Bh3 11. Nd5 Bxg2 12. Kxg2 Nxd5 13. cxd5 Bxb2 14. dxc6 Qxc6 15. Qxb2 b5 16. b4 a5 17. bxc5 Qxc5 18. Rac1 Qb6 19. h4 b4 20. h5 gxh5 21. Rh1 Qb5 22. Nd4 Qd5+ 23. e4 Qg5 24. Nf5 e5 25. f4 exf4 26. Rxh5 Qg4 27. Nh6# 1-0


[Site "https://www.chess.com"]

[Event "Titled Tuesday Blitz February 28 Late 2023"]
[White "Escalante Ramirez, Rafael"]
[Black "Jimenez Almeida, Luis David"]
[WhiteFideId "3900177"]
[BlackFideId "22242244"]
[WhiteElo "2358"]
[BlackElo "2245"]
[Result "0-1"]
[Round "06"]
[TimeControl "180+2"]
[Date "2023.02.28"]
[WhiteClock "0:00:01"]
[BlackClock "0:00:23"]

1. Nf3 g6 2. d4 Bg7 3. c4 f5 4. g3 Nf6 5. Bg2 O-O 6. O-O d6 7. d5 c6 8. Nc3 e5 9. dxe6 Bxe6 10. Nd2 Qe7 11. Qc2 Na6 12. a3 Rae8 13. b3 Nc5 14. Bb2 Bf7 15. e3 h5 16. h4 Ng4 17. Nf3 Bf6 18. Rad1 a5 19. Ne2 Ne4 20. Bxf6 Qxf6 21. Rd3 b5 22. Nf4 a4 23. cxb5 cxb5 24. bxa4 bxa4 25. Rd4 Bb3 26. Qe2 Rc8 27. Qa6 Ne5 28. Nd5 Qf7 29. Nf4 Bc4 30. Rxc4 Nxc4 31. Nh3 Ra8 0-1


[Site "https://www.chess.com"]

[Event "Titled Tuesday Blitz February 28 Late 2023"]
[White "Ristic, Nebojsa B"]
[Black "Vaglio Munoz, Jaime"]
[WhiteFideId "935468"]
[BlackFideId "6500145"]
[WhiteElo "2303"]
[BlackElo "2199"]
[Result "1-0"]
[Round "06"]
[TimeControl "180+2"]
[Date "2023.02.28"]
[WhiteClock "0:00:37"]
[BlackClock "0:00:27"]

1. d4 e6 2. Bf4 c5 3. e3 Qb6 4. Nc3 a6 5. Rb1 Nc6 6. Nf3 Nf6 7. a3 d6 8. Be2 Be7 9. O-O O-O 10. h3 h6 11. Re1 Rd8 12. Bf1 e5 13. Bg3 e4 14. Nd2 d5 15. Na4 Qa5 16. Nxc5 Bxc5 17. Nb3 Qb6 18. dxc5 Qa7 19. Bc7 Re8 20. Qd2 Be6 21. Qc3 Rac8 22. Bd6 b6 23. Nd4 bxc5 24. Bxc5 Qb7 25. b4 Nxd4 26. exd4 Ra8 27. a4 Qd7 28. b5 e3 29. Rxe3 Ne4 30. Qb4 a5 31. Qa3 f5 32. b6 Qf7 33. Bb5 Bd7 34. Bd6 Re6 35. b7 Rd8 36. Bxd7 Nxd6 37. Bxe6 Ne4 38. Bxf7+ 1-0


[Site "https://www.chess.com"]

[Event "Titled Tuesday Blitz February 28 Late 2023"]
[White "Tyagi, Kushan"]
[Black "Ferreira, Vitor Hugo Vieira"]
[WhiteFideId "2040069"]
[BlackFideId "2119765"]
[WhiteElo "2353"]
[BlackElo "2146"]
[Result "1/2-1/2"]
[Round "06"]
[TimeControl "180+2"]
[Date "2023.02.28"]
[WhiteClock "0:00:14"]
[BlackClock "0:00:13"]

1. d4 d5 2. c4 dxc4 3. Nf3 Nf6 4. e3 a6 5. Bxc4 b5 6. Bd3 Bb7 7. Nc3 e6 8. O-O c5 9. Bc2 Nc6 10. Re1 Be7 11. dxc5 Qxd1 12. Rxd1 Bxc5 13. b3 Ke7 14. Ne4 Nxe4 15. Bxe4 Rhd8 16. Bb2 Rxd1+ 17. Rxd1 g6 18. Ne5 Nxe5 19. Bxb7 Ra7 20. Be4 Nd7 21. Kf1 f5 22. Bf3 Bd6 23. Rc1 Ne5 24. Be2 Rc7 25. Rxc7+ Bxc7 26. g3 Nc6 27. Ke1 Kd6 28. Kd2 Kc5 29. a4 Be5 30. axb5 axb5 31. Ba3+ b4 32. Bc1 Bc3+ 33. Kd1 Ne5 34. f4 Nc6 35. Bc4 Kd6 36. Ke2 Na5 37. Kd3 Nxc4 38. Kxc4 Be1 39. Bb2 Bf2 40. Bd4 Bg1 41. h3 Bf2 42. g4 fxg4 43. hxg4 h5 44. gxh5 gxh5 45. Kxb4 h4 46. Kc4 h3 47. Be5+ Kc6 48. f5 exf5 49. Bh2 Bxe3 50. Kd3 Bg5 51. Ke2 Kb5 52. Kf3 Kb4 53. Kg3 Kxb3 54. Kxh3 Kc4 55. Kg2 Kd3 56. Kf3 Bh6 57. Bb8 Kd4 58. Ba7+ Kd5 59. Bb8 Ke6 60. Ba7 Kf6 61. Bb8 Kg6 62. Ba7 Bg7 63. Bb8 Bf6 64. Bf4 Bg5 65. Bb8 Kf7 66. Bc7 Ke6 67. Bb8 Bf6 68. Bc7 Be5 69. Bb6 Kd5 70. Ba7 Ke6 71. Bb6 Kf6 72. Bd8+ Kg6 73. Bb6 Bf6 74. Ba7 Kf7 75. Bb8 Ke6 76. Ba7 Be7 77. Bb6 Bd6 78. Be3 Kd5 79. Ba7 Bc5 80. Bb8 Bd6 81. Ba7 Ke6 82. Be3 Kf6 83. Ba7 Be5 84. Be3 Ke6 85. Ba7 Kd5 86. Be3 Bd4 87. Bxd4 Kxd4 88. Kf4 Kd3 89. Kxf5 1/2-1/2


[Site "https://www.chess.com"]

[Event "Titled Tuesday Blitz February 28 Late 2023"]
[White "Abdyzhaparov, Aidar"]
[Black "Lawson, Eric"]
[WhiteFideId "13800361"]
[BlackFideId "2604116"]
[WhiteElo "2002"]
[BlackElo "2507"]
[Result "0-1"]
[Round "06"]
[TimeControl "180+2"]
[Date "2023.02.28"]
[WhiteClock "0:00:25"]
[BlackClock "0:01:06"]

1. Nf3 d5 2. c4 d4 3. e3 c5 4. b4 f6 5. bxc5 e5 6. Nxe5 fxe5 7. Qh5+ Kd7 8. Qxe5 Nc6 9. Qd5+ Kc7 10. Na3 a6 11. Be2 Nf6 12. Qxd8+ Kxd8 13. Bb2 Bxc5 14. Nc2 dxe3 15. fxe3 Nb4 16. O-O-O Nxa2+ 17. Kb1 Nb4 18. d4 Be7 19. Nxb4 Bxb4 20. Bf3 Re8 21. Bc1 Bf5+ 22. Kb2 Be4 23. Kb3 a5 24. Rhf1 Kc7 25. d5 Kd6 26. Bb2 Bc5 27. Bxf6 gxf6 28. Bxe4 Rxe4 29. Rxf6+ Ke7 30. Rdf1 a4+ 31. Ka2 Rxe3 32. Rf7+ Kd6 33. R1f6+ Ke5 34. Re6+ Kd4 35. Rf4+ Kd3 36. Rxe3+ Bxe3 37. Rh4 Bc5 38. Rxh7 b6 39. Rh4 Rf8 40. g3 Rf2+ 41. Kb1 a3 42. Re4 Kxe4 0-1


[Site "https://www.chess.com"]

[Event "Titled Tuesday Blitz February 28 Late 2023"]
[White "ArchibaldCerveza29"]
[Black "mohsengabr2002"]
[WhiteElo "2501"]
[BlackElo "2338"]
[Result "1-0"]
[Round "06"]
[TimeControl "180+2"]
[Date "2023.02.28"]
[WhiteClock "0:00:13"]
[BlackClock "0:00:16"]

1. d4 d5 2. c4 dxc4 3. e4 c5 4. d5 e6 5. Nc3 exd5 6. exd5 a6 7. a4 Nf6 8. Bxc4 Bd6 9. Nf3 O-O 10. O-O h6 11. h3 Nbd7 12. Re1 Nb6 13. Ba2 Bf5 14. a5 Nbd7 15. Be3 Qc7 16. Bb1 Bxb1 17. Qxb1 Rfe8 18. Qf5 Ne5 19. Ra4 Nxf3+ 20. Qxf3 Be5 21. Rc4 Qxa5 22. Rxc5 Qb4 23. g3 Bd4 24. Rc7 Qxb2 25. Rb1 Rxe3 26. fxe3 Bxc3 27. Rxb2 Bxb2 28. Rxb7 Be5 29. g4 a5 30. d6 Bxd6 31. Rb6 Rd8 32. Ra6 Bb4 33. Ra7 Re8 34. Kg2 Bc5 35. Rxa5 Bxe3 36. Ra8 Rxa8 37. Qxa8+ Kh7 38. Qb7 Kg8 39. Qc8+ Kh7 40. Qc7 Kg8 41. Qd8+ Kh7 42. Qd3+ g6 43. Qxe3 Kg7 44. Qe5 g5 45. Kg3 Kg6 46. Qf5+ Kg7 47. h4 gxh4+ 48. Kxh4 Nh7 49. Qe5+ Kg6 50. Qe4+ Kg7 51. Qc6 Ng5 52. Kh5 Ne6 53. Qc3+ Kh7 54. Qd3+ Kg7 55. Qe3 Ng5 56. Qe5+ Kh7 57. Qf6 Ne6 58. Qxh6+ Kg8 59. Qf6 Nf8 60. g5 Ne6 61. Kh6 Kf8 62. g6 Nd8 63. g7+ Ke8 64. g8=Q+ 1-0


[Site "https://www.chess.com"]

[Event "Titled Tuesday Blitz February 28 Late 2023"]
[White "Van Foreest, Machteld"]
[Black "Filgueira, Hernan"]
[WhiteFideId "1051563"]
[BlackFideId "101770"]
[WhiteElo "2018"]
[BlackElo "2363"]
[Result "1/2-1/2"]
[Round "06"]
[TimeControl "180+2"]
[Date "2023.02.28"]
[WhiteClock "0:00:36"]
[BlackClock "0:02:31"]

1. e4 d6 2. d4 Nf6 3. Nc3 c6 4. Nf3 g6 5. Be2 Bg7 6. O-O O-O 7. Bf4 Bg4 8. h3 Bxf3 9. Bxf3 Nfd7 10. Re1 Qc7 11. Qd2 e5 12. dxe5 Nxe5 13. Bxe5 Bxe5 14. Rad1 Na6 15. h4 Nc5 16. h5 Ne6 17. h6 Bf4 18. Qd3 Rad8 19. Qc4 Bxh6 20. Bg4 Rfe8 21. Bxe6 fxe6 22. e5 d5 1/2-1/2


[Site "https://www.chess.com"]

[Event "Titled Tuesday Blitz February 28 Late 2023"]
[White "Kostiukov, Alexandr"]
[Black "Balla, Tamas-Kristof"]
[WhiteFideId "14108100"]
[BlackFideId "1208497"]
[WhiteElo "2202"]
[BlackElo "2334"]
[Result "1-0"]
[Round "06"]
[TimeControl "180+2"]
[Date "2023.02.28"]
[WhiteClock "0:00:07"]
[BlackClock "0:00:06"]

1. g3 c5 2. Bg2 Nc6 3. c4 g6 4. Nf3 Bg7 5. O-O e6 6. Nc3 Nge7 7. d4 cxd4 8. Nb5 d5 9. cxd5 Nxd5 10. Nfxd4 Nxd4 11. Nxd4 O-O 12. e4 Nb6 13. Nb5 Bd7 14. Nc3 Rc8 15. Kh1 Qe7 16. f4 Bc6 17. e5 Bxg2+ 18. Kxg2 Nc4 19. Qf3 Rfd8 20. b3 Nd2 21. Bxd2 Rxd2+ 22. Kh3 f6 23. Ne4 Rdc2 24. exf6 Bxf6 25. Rad1 Bg7 26. Rf2 e5 27. Rxc2 Rxc2 28. Qd3 Qe6+ 29. g4 Rc8 30. Ng5 Qc6 31. fxe5 h6 32. Nf3 Rf8 33. Kg2 Kh7 34. Qd5 Qc2+ 35. Rd2 Qc8 36. h3 h5 37. Kg3 hxg4 38. hxg4 Qe8 39. Rh2+ Bh6 40. g5 Rxf3+ 41. Kxf3 Qf8+ 42. Kg3 Qf5 43. Rxh6+ Kg7 44. Qxb7+ Kg8 45. Qb8+ Kg7 46. Qh8+ Kf7 47. Rh7+ Ke6 48. Qe8+ Kd5 49. Rd7+ Ke4 50. Qa8+ Ke3 51. Rd3+ Qxd3 52. Qf3+ Kd4 53. Qxd3+ Kxd3 54. e6 Kc3 55. e7 Kb2 56. e8=Q Kxa2 57. Qxg6 1-0


[Site "https://www.chess.com"]

[Event "Titled Tuesday Blitz February 28 Late 2023"]
[White "Toncheva, Nadya"]
[Black "Bulgurlu, Okan"]
[WhiteFideId "2924056"]
[BlackFideId "6352316"]
[WhiteElo "2101"]
[BlackElo "2328"]
[Result "0-1"]
[Round "06"]
[TimeControl "180+2"]
[Date "2023.02.28"]
[WhiteClock "0:00:10"]
[BlackClock "0:00:36"]

1. d4 Nf6 2. c4 c5 3. d5 e6 4. Nc3 d6 5. e4 e5 6. Bd3 Be7 7. Nge2 O-O 8. O-O Nbd7 9. f3 a6 10. Be3 Rb8 11. a3 b6 12. b4 Ne8 13. Qc2 g6 14. Rab1 Bg5 15. Bf2 Ng7 16. Na4 f5 17. bxc5 bxc5 18. Rxb8 Nxb8 19. Rb1 Nd7 20. exf5 Nxf5 21. Qb2 Be3 22. Bxe3 Nxe3 23. Nb6 Nxb6 24. Qxb6 Qg5 25. Ng3 Bf5 26. Bxf5 gxf5 27. Qxd6 f4 28. Qe6+ Kh8 29. Qd6 Rg8 30. Rb7 fxg3 31. h4 Qf5 32. Qxc5 Qd3 33. Rxh7+ Qxh7 34. Qxe3 Qb1+ 0-1


[Site "https://www.chess.com"]